Unix NetHack Version 5.0.0-0 post-release - last build Jul 19 2026 19:10:59 (3aa4ab31751d3886436d94b585a96704892fd477,branch:main).

Game began 2026-07-25 00:39:30, ended 2026-07-25 01:09:52.

Brudee, chaotic female human Rogue

 -------                                                 --------        o
  .....%.                                                |......|
                                                         ....<..|       o
                                 -------------           |......|
                                 |C.........C|           |......|
                                    ...C.....|fG         --------
                                         -...-@
                                         |...|
                                         |C..|
                                         |....#######
                                         -...|      #   ----------------
                                        .....|      ####...............|
                                     .......C|         #|[..............
                                    ----------       ###-..............|
                                                        |..............|
                                                        ----------------

Brudee the Cutpurse     St:10 Dx:18 Co:13 In:12 Wi:11 Ch:7  Chaotic S:1719
Dlvl:8  $:331 HP:0(33) Pw:21(21) AC:7  Xp:5/247 T:2343 

Latest messages:
 You materialize in a different location!
 What do you want to read? [*] ?
 What do you want to read? [*] <space>
 Never mind.
 You see here a scale mail.
 You miss the bat.
 The bat bites!
 The bat bites!
 You kill the bat!
 You see here a scale mail.
 You see here a food ration.
 h - a food ration (5 in total).
 You miss the giant spider.
 The giant spider bites!
 You hit the giant spider.
 The giant spider bites!
 You hit the giant spider.
 The giant spider bites!
 The giant spider bites!
 You hit the giant spider!
 The giant spider bites!
 What do you want to drink? [dklnCF or ?*] ?
 You feel better.
 The giant spider bites!
 You hit the giant spider!
 The giant spider bites!
 You hit the giant spider!
 The giant spider bites!
 What do you want to drink? [dklCF or ?*] ?
 You feel better.
 The giant spider bites!
 You miss the giant spider.
 The giant spider bites!
 You kill the giant spider!
 You see here a giant spider corpse.
 There is a giant spider corpse here; eat it? [ynq] (n) y
 Ecch - that must have been poisonous!
 You finish eating the giant spider corpse.
 You feel healthy.
 The newt misses!
 You kill the newt!
 The door opens.
 The door opens.
 The jaguar hits!
 The jaguar hits again!
 The jaguar bites!
 The gnome lord hits!
 You die...
 Do you want your possessions identified? [ynq] (y) y
 Do you want to see your attributes? [ynq] (y) q

Inventory:
 Coins    ('$')
  $ - 331 gold pieces
 Weapons  (')')
  r - a +0 sling
  b - 5 +0 daggers (alternate weapons; not wielded)
  q - the +0 Orcrist (weapon in right hand, flickering light blue)
 Armor    ('[')
  K - a cursed -1 helm of opposite alignment
  x - a cursed +0 pair of leather gloves
  v - an uncursed +0 cloak of protection (being worn)
  P - a blessed +0 mummy wrapping
 Comestibles  ('%')
  y - 11 cursed apples
  z - 11 cursed carrots
  h - 5 uncursed food rations
  E - an uncursed lichen corpse
 Potions  ('!')
  C - a cursed potion of enlightenment
  l - an uncursed potion of gain energy
  F - an uncursed potion of healing
  d - an uncursed potion of sickness
  k - an uncursed potion of speed
 Rings    ('=')
  H - an uncursed ring of conflict
  G - an uncursed ring of shock resistance
 Wands    ('/')
  I - a wand of cancellation (0:7)
  J - a wand of magic missile (0:6)
 Tools    ('(')
  f - an empty uncursed sack
  u - an uncursed figurine of a large cat
  e - an uncursed lock pick
 Gems/Stones  ('*')
  M - an uncursed aquamarine stone

Brudee the Rogue's attributes:

Background:
 You were a Cutpurse, a level 5 female human Rogue.
 You were chaotic, nominally on a mission for Kos
 who was opposed by Issek (lawful) and Mog (neutral).
 You were right-handed.
 You were in the Dungeons of Doom, on level 8.
 You entered the dungeon 2343 turns ago.
 It was nighttime.
 You had 247 experience points, 73 more were needed to attain level 6.
 Your score was 1719 before end-of-game adjustments.

Basics:
 You had 0 out of 33 hit points.
 You had all 21 energy points (spell power).
 Your armor class was 7.
 Your wallet contained 331 zorkmids.
 Autopickup was on for '$!=+?/"' plus thrown.

Final Characteristics:
 Your strength was 10 (peak:14, limit:18/100).
 Your dexterity was 18 (limit:18).
 Your constitution was 13 (limit:18).
 Your intelligence was 12 (limit:18).
 Your wisdom was 11 (limit:18).
 Your charisma was 7 (limit:18).

Final Status:
 You weren't hungry.
 You were unencumbered.
 You were wielding a broadsword.
 You had basic skill with broadsword.

Final Attributes:
 You were piously aligned.
 You were poison resistant.
 You were aware of the presence of orcs.
 You were stealthy.
 You were protected.
 You are dead.

Miscellaneous:
 You encountered 1 bones level.
 Total elapsed playing time was 30 minutes and 21 seconds.

Major events:
 Turn
    1: Brudee the chaotic female human Rogue entered the dungeon
  290: became literate by naming Orcrist
  941: attained the rank of Cutpurse (level 3)
 2343: killed by a gnome lord

Spells:
 Name                 Level Category     Fail Retention
 create monster         2   clerical     100%  76%-100%

Skills:
 Fighting Skills
   bare handed combat [Unskilled]
   two weapon combat  [Unskilled]
   riding             [Unskilled]
 Weapon Skills
   dagger             [Basic]
   knife              [Unskilled]
   short sword        [Basic]
   broadsword         [Basic]
   long sword         [Unskilled]
   two-handed sword   [Unskilled]
   saber              [Unskilled]
   club               [Unskilled]
   mace               [Unskilled]
   morning star       [Unskilled]
   flail              [Unskilled]
   hammer             [Unskilled]
   polearms           [Unskilled]
   spear              [Unskilled]
   crossbow           [Unskilled]
   dart               [Unskilled]
   shuriken           [Unskilled]
 Spellcasting Skills
   divination spells  [Unskilled]
   escape spells      [Unskilled]
   matter spells      [Unskilled]

Voluntary challenges:
 Character rerolling was not enabled.
 You were an atheist.
 You never genocided any monsters.
 You never polymorphed an object.
 You never changed form.
 You used no wishes.
Achievements:
 You entered a shop.
 You attained the rank of Cutpurse.

 The Dungeons of Doom: levels 1 to 8
    Level 1:
       An altar, a fountain.
    Level 2:
       A weapon shop, a fountain.
    Level 3:
       A food shop, some fountains, a sink.
    Level 4:
       A fountain.
       Final resting place for
          pots164-Kni-Hum-Mal-Law, slipped while mounting a saddled pony.
    Level 5:
       A general store.
    Level 6:
       A general store.
    Level 7:
       A fountain.
    Level 8: <- You were here.
       Final resting place for
          you, killed by a gnome lord.


Vanquished creatures:
  a ghost
  a large mimic
  a giant spider
  a fog cloud
  a kobold mummy
  a paper golem
  a giant bat
 an iguana
 an acid blob
  4 manes
  a large kobold
  a giant rat
  2 cave spiders
  a brown mold
  a green mold
  3 gnome zombies
  3 geckos
  2 jackals
  a fox
  2 goblins
  a bat
  4 lichens
  2 kobold zombies
  9 newts
46 creatures vanquished.

No species were genocided or became extinct.

Game over:
                       ----------
                      /          \
                     /    REST    \
                    /      IN      \
                   /     PEACE      \
                  /                  \
                  |      Brudee      |
                  |      331 Au      |
                  |   killed by a    |
                  |    gnome lord    |
                  |                  |
                  |                  |
                  |       2026       |
                 *|     *  *  *      | *
        _________)/\\_//(\/(/\)/\//\/|_)_______

Goodbye Brudee the Rogue...

You died in The Dungeons of Doom on dungeon level 8 with 1686 points,
and 331 pieces of gold, after 2343 moves.
You were level 5 with a maximum of 33 hit points when you died.

